 Dungeon Crawl Stone Soup version 0.23.2-40-g277498a001 (webtiles) character file.

Game seed: 6118634978291652396

34265 Exodus22XD the Cleaver (level 13, -1/117 HPs)
             Began as a Deep Dwarf Fighter on Sept 5, 2019.
             Was a High Priest of Makhleb.
             Slain by a dire elephant (22 damage)
             ... on level 6 of the Lair of Beasts.
             The game lasted 00:36:09 (11568 turns).

Exodus22XD the Cleaver (Deep Dwarf Fighter)        Turns: 11568, Time: 00:36:09

Health: -1/117     AC: 21    Str: 26    XL:     13   Next: 41%
Magic:  0/2 (6)    EV: 11    Int: 11    God:    Makhleb [*****.]
Gold:   756        SH:  0    Dex: 12    Spells: 12/12 levels left

rFire    . . .     SeeInvis .   N - +1 battleaxe "Syucukut" {antimagic, -Tele *Drain rElec rC+++ rN+}
rCold    + + +     Gourm    .   (shield currently unavailable)
rNeg     + . .     Faith    .   D - +2 plate armour {rF+}
rPois    .         Spirit   +   (no helmet)
rElec    +         Reflect  .   o - scarf {cloud immunity}
rCorr    .         Harm     .   t - +2 pair of gloves {Str+3}
MR       +....     NoTele   +   (no boots)
Stlth    ..........             g - amulet of guardian spirit
HPRegen  0.00/turn              q - +1 ring of protection
MPRegen  0.08/turn              r - ring of ice

@: non-regenerating
A: damage resistance, heal wounds, sense surroundings 2, no regeneration
a: Heal Wounds, Minor Destruction, Lesser Servant of Makhleb, Major Destruction,
Greater Servant of Makhleb, Renounce Religion


You were on level 6 of the Lair of Beasts.
You worshipped Makhleb.
Makhleb was extremely pleased with you.
You were not hungry.

You visited 3 branches of the dungeon, and saw 16 of its levels.
You also visited: Sewer.

You collected 756 gold pieces.

Inventory:

Hand Weapons
 a - a +0 war axe
 N - the +1 battleaxe "Syucukut" (weapon) {antimagic, -Tele *Drain rElec rC+++ rN+}
   (You found it on level 2 of the Lair of Beasts)

   It reduces the magical energy of the wielder, and disrupts the spells and
   magical abilities of those hit.
   Natural abilities and divine invocations are not affected.
   It renders you almost immune to cold.
   It insulates you from electricity.
   It protects you from negative energy.
   It prevents most forms of teleportation.
   It causes draining when unequipped.
Armour
 c - a +0 shield
 o - a scarf of cloud immunity (worn)
 t - a +2 pair of gloves of strength (worn)
 x - a +1 cloak
 D - a +2 plate armour of fire resistance (worn)
Jewellery
 g - an amulet of guardian spirit (around neck)
 q - a +1 ring of protection (left hand)
 r - a ring of ice (right hand)
 Q - a cursed amulet of inaccuracy {unknown}
Wands
 A - a wand of flame (28)
 E - a wand of random effects (14)
 F - a wand of iceblast (18)
 H - a wand of polymorph (8)
Scrolls
 h - 6 scrolls of remove curse
 i - 3 scrolls of fear
 l - 3 scrolls of enchant weapon
 m - a scroll of magic mapping
 p - 4 scrolls of immolation
 v - 4 scrolls of teleportation
 y - 4 scrolls of enchant armour {unknown}
 B - a scroll of summoning
 C - a scroll of acquirement {unknown}
 G - 3 scrolls of brand weapon {unknown}
 L - a scroll of noise {unknown}
 M - a scroll of blinking {unknown}
 O - a scroll of silence {unknown}
 P - a scroll of vulnerability {unknown}
Potions
 b - 5 potions of flight
 d - 3 potions of might
 e - 6 potions of brilliance
 j - 4 potions of haste
 k - 6 potions of mutation
 n - 3 potions of degeneration
 s - a potion of curing
 u - 2 potions of agility
 w - 4 potions of heal wounds
 z - 5 potions of lignification
 I - 2 potions of magic
 R - a potion of cancellation {unknown}
Miscellaneous
 K - a lamp of fire
Comestibles
 f - 32 rations
 J - 6 chunks of flesh


   Skills:
 + Level 8.2 Fighting
 + Level 14.6 Axes
 * Level 11.8 Armour
 - Level 8.0 Dodging
 + Level 8.9 Shields
 * Level 10.6 Invocations
 - Level 0.4 Evocations


You had 12 spell levels left.
You didn't know any spells.
Your spell library contained the following spells:

 Spells                   Type           Power        Failure   Level  Hunger
 Confusing Touch          Hex            #.....       96%         1    ##.....
 Confuse                  Hex            #.......     100%        3    ####...
 Gell's Gravitas          Tloc           #.........   100%        3    ####...
 Petrify                  Tmut/Erth      #.......     100%        4    #####..
 Metabolic Englaciation   Hex/Ice        #.........   100%        5    ######.
 Yara's Violent Unravell  Hex/Tmut       #.........   100%        5    ######.


Dungeon Overview and Level Annotations

Branches:
Dungeon (9/15)             Temple (1/1) D:4            Lair (6/6) D:9
 Shoals (0/4) Lair:4       Spider (0/4) Lair:4        Slime (0/5) Lair:6
    Orc: D:9-12

Altars:
Ashenzari
Cheibriados
Dithmenos
Elyvilon
Fedhas
Gozag
Hepliaklqana
Kikubaaqudgha
Makhleb
Nemelex Xobeh
Okawaru
Qazlal
Ru
Sif Muna
Trog
Uskayaw
Vehumet
Wu Jian
Xom
Yredelemnul
Zin
The Shining One
Jiyva

Shops:
D:6 [

Annotations:
Lair:3 3 runed translucent doors, barcode's ghost, journeyman TrFi
Lair:4 exclusion: 4 oklob plants
Lair:5 exclusion: oklob plant


Innate Abilities, Weirdness & Mutations

You are resistant to damage.
You can heal yourself by infusing magical energy.
You passively map the area around you.
You do not regenerate.


Message History

The dire elephant tramples you!
You hold your ground!
The dire elephant closely misses you. The green death closely misses you.
You slash the dire elephant!
The dire elephant is lightly wounded.
You slice the green death!!
The green death's magic leaks into the air.
The dire elephant tramples you but does no damage.
The dire elephant completely misses you.
Unknown command.
You slice the dire elephant!!
The dire elephant is moderately wounded.
You hit the green death but do no damage.
The green death closely misses you. The dire elephant tramples you!!
* * * LOW HITPOINT WARNING * * *
You hold your ground!
The dire elephant barely misses you.
You hit the dire elephant but do no damage.
The dire elephant is moderately wounded.
You completely miss the green death. The green death misses you.
The dire elephant tramples you!!
You die...

#........#.8##....
....<....#.####''#
#........#.##.≈≈≈##
##.......#.#.≈≈≈≈≈#
PP.......#.#≈≈≈≈≈≈#
.........#.##≈≈≈..#
.........#..#≈..Y##
##.......##.####Y##
##.......♣#...#8@8#
P.........###.#.2.#
P..........##.##..###
P..........##..#..'.###
...........♣##.#..'...#
...........♣
#.####...##
..........♣#
#...8#..P.#
..........#*
###..'...## .........♣#
+...##...#


You could see 2 dire elephants and a green death.

Vanquished Creatures
  2 hydras
  An anaconda (Lair:6)
  A two-headed ogre (D:9)
  5 death yaks (Lair:5)
  Pikel (D:5)
  A lindwurm (Lair:6)
  4 elephants (Lair:6)
  2 merfolk sirens (Lair:4)
  8 black mambas
  Joseph (D:7)
  9 spiny frogs
  2 rime drakes
  5 komodo dragons
  A troll (D:9)
  A polar bear (Lair:5)
  A hornet (D:9)
  9 blink frogs
  5 dream sheep (Lair:6)
  7 hippogriffs
  2 wyverns
  2 redbacks (Lair:4)
  21 yaks
  A hungry ghost (D:8)
  4 basilisks
  Menkaure (D:5)
  Duvessa (D:4)
  10 porcupines
  8 water moccasins
  2 sky beasts
  3 slaves (D:5)
  A phantom (D:7)
  3 ice beasts
  A black bear (D:9)
  3 orc warriors
  3 ogres
  18 wolves
  2 centaurs
  17 crocodiles
  2 big kobolds
  19 bullfrogs
  A wyvern zombie (D:9)
  Dowan (D:4)
  A scorpion (D:4)
  9 killer bees
  4 howler monkeys
  5 crimson imps
  A centaur zombie (D:5)
  A quasit (D:8)
  A bullfrog zombie (D:6)
  A bullfrog skeleton (D:5)
  4 jellies
  6 hounds
  5 orc priests
  A centaur skeleton (D:9)
  2 iguanas
  10 orc wizards
  5 worker ants
  2 hound skeletons (D:9)
  15 adders
  A howler monkey skeleton (D:5)
  A river rat (D:4)
  4 shadow imps
  2 oozes
  An adder zombie (D:7)
  4 adder skeletons
  2 worms
  5 dart slugs
  4 leopard geckos
  27 orcs
  2 bats
  14 giant cockroaches
  2 gnoll zombies (D:3)
  9 goblins
  6 hobgoblins
  12 jackals
  10 quokkas
  3 ball pythons
  14 frilled lizards
  2 jackal skeletons
  13 kobolds
  A leopard gecko zombie (D:7)
  A quokka skeleton (D:7)
  4 rats
  9 plants
418 creatures vanquished.

Vanquished Creatures (others)
  3 fungi
  2 plants
5 creatures vanquished.

Grand Total: 423 creatures vanquished

Notes
Turn   | Place    | Note
-------+----------+-------------------------------------------
     0 | D:1      | Exodus22XD the Deep Dwarf Fighter began the quest for the
                  | Orb.
     0 | D:1      | Reached XP level 1. HP: 20/20 MP: 1/1
   155 | D:1      | Reached XP level 2. HP: 27/27 MP: 2/2
   262 | D:1      | Reached XP level 3. HP: 30/33 MP: 3/3
   462 | D:2      | Reached skill level 1 in Dodging
   732 | D:2      | Reached skill level 3 in Axes
   780 | D:2      | Reached XP level 4. HP: 23/42 MP: 4/4
  1072 | D:3      | HP: 2/42 [orc priest/divine providence (7)]
  1073 | D:3      | Reached XP level 5. HP: 3/49 MP: 5/5
  1157 | D:3      | Reached skill level 4 in Axes
  1208 | D:3      | Found a basalt altar of Yredelemnul.
  1618 | D:4      | Reached XP level 6. HP: 51/56 MP: 5/5
  1659 | D:4      | Found a staircase to the Ecumenical Temple.
  1665 | Temple   | Entered the Ecumenical Temple
  1788 | Temple   | Became a worshipper of Makhleb the Destroyer
  1882 | D:4      | Reached skill level 5 in Axes
  1901 | D:4      | Found a glowing drain.
  1905 | Sewer    | Entered a sewer
  2103 | Sewer    | Reached XP level 7. HP: 40/62 MP: 6/6
  2241 | D:4      | Noticed Duvessa
  2241 | D:4      | Noticed Dowan
  2254 | D:4      | Killed Duvessa
  2254 | D:4      | Reached * piety under Makhleb
  2262 | D:4      | Killed Dowan
  2262 | D:4      | Reached skill level 5 in Shields
  2328 | D:4      | Reached skill level 6 in Axes
  2597 | D:5      | Entered Level 5 of the Dungeon
  2636 | D:5      | Noticed Pikel
  2700 | D:5      | Noticed Menkaure
  2709 | D:5      | Killed Menkaure
  2721 | D:5      | Reached XP level 8. HP: 52/72 MP: 7/7
  2897 | D:5      | Reached skill level 7 in Axes
  2897 | D:5      | Reached skill level 5 in Armour
  2927 | D:5      | Killed Pikel
  2927 | D:5      | Reached skill level 8 in Axes
  2927 | D:5      | Reached skill level 5 in Dodging
  3427 | D:6      | Gained mutation: You passively map the area around you.
                  | [Deep Dwarf growth]
  3427 | D:6      | Reached XP level 9. HP: 36/79 MP: 7/7
  3674 | D:6      | Reached ** piety under Makhleb
  3757 | D:6      | Reached skill level 9 in Axes
  3926 | D:6      | Found Quixeyno's Antique Armour Emporium.
  4146 | D:7      | Reached skill level 1 in Invocations
  4193 | D:7      | Noticed Joseph
  4223 | D:7      | Killed Joseph
  4245 | D:7      | Reached skill level 5 in Fighting
  4657 | D:8      | Reached skill level 10 in Axes
  4657 | D:8      | Reached XP level 10. HP: 47/88 MP: 7/7
  4674 | D:8      | Reached *** piety under Makhleb
  5386 | D:9      | Reached skill level 5 in Invocations
  5426 | D:9      | Found a staircase to the Lair.
  5631 | D:9      | Noticed a two-headed ogre
  5652 | D:9      | Killed a two-headed ogre
  5698 | D:9      | Reached skill level 11 in Axes
  5702 | D:9      | Reached **** piety under Makhleb
  5988 | Lair:1   | Entered Level 1 of the Lair of Beasts
  6212 | Lair:1   | Found an ornate altar of the Wu Jian Council.
  6237 | Lair:1   | Reached XP level 11. HP: 62/97 MP: 9/9
  6821 | Lair:2   | Noticed a seven-headed hydra
  6836 | Lair:2   | Killed a seven-headed hydra
  6954 | Lair:2   | Got a jewelled battleaxe
  6986 | Lair:1   | Identified the +1 battleaxe "Syucukut" {antimagic, -Tele
                  | *Drain rElec rC+++ rN+} (You found it on level 2 of the
                  | Lair of Beasts)
  7200 | Lair:2   | Reached skill level 12 in Axes
  7336 | Lair:2   | Reached ***** piety under Makhleb
  8094 | Lair:3   | Found a runed translucent gate.
  8095 | Lair:3   | Found a runed translucent gate.
  8107 | Lair:3   | Reached XP level 12. HP: 26/106 MP: 3/10
  8109 | Lair:3   | Found a runed translucent gate.
  8617 | Lair:3   | Noticed barcode's ghost (journeyman TrFi)
  8617 | Lair:3   | Noticed a death ooze
  8619 | Lair:3   | Found a viscous altar of Jiyva.
  8831 | Lair:4   | Found a hole to the Spider Nest.
  9029 | Lair:4   | Reached skill level 13 in Axes
  9035 | Lair:4   | Reached skill level 10 in Armour
  9114 | Lair:4   | Found a staircase to the Shoals.
  9254 | Lair:4   | Noticed a five-headed hydra
  9272 | Lair:4   | Killed a seven-headed hydra
  9904 | Lair:5   | Noticed a death yak
  9904 | Lair:5   | Noticed a death yak
  9906 | Lair:5   | Noticed a death yak
  9906 | Lair:5   | Noticed a death yak
  9909 | Lair:5   | Noticed a death yak
  9913 | Lair:5   | Killed a death yak
  9920 | Lair:5   | Killed a death yak
  9925 | Lair:5   | Killed a death yak
  9930 | Lair:5   | Killed a death yak
  9938 | Lair:5   | Killed a death yak
  9938 | Lair:5   | Reached skill level 10 in Invocations
 10112 | Lair:5   | Reached skill level 14 in Axes
 10112 | Lair:5   | Reached XP level 13. HP: 105/117 MP: 2/7
 10355 | Lair:6   | Entered Level 6 of the Lair of Beasts
 11024 | Lair:6   | Found a viscous altar of Jiyva.
 11024 | Lair:6   | Found a staircase to the Slime Pits.
 11548 | Lair:6   | Noticed a dire elephant
 11548 | Lair:6   | Noticed a dire elephant
 11561 | Lair:6   | Noticed a green death
 11568 | Lair:6   | Slain by a dire elephant

Skill      XL: |  1  2  3  4  5  6  7  8  9 10 11 12 13 |
---------------+----------------------------------------+-----
Dodging        | 1 2 3 4 5 6 7 8 |  8.0
Axes           | 3 4 5 6 8 10 11 12 14 | 14.6
Fighting       | 3 4 5 6 7 8 |  8.2
Shields        | 4 5 6 7 8 |  8.9
Armour         | 4 5 6 7 9 11 | 11.8
Invocations    | 3 6 8 10 | 10.6
Evocations     | |  0.4

Action                   |  1- 3 |  4- 6 |  7- 9 | 10-12 | 13-15 || total
-------------------------+-------+-------+-------+-------+-------++-------
Melee: War axe           |   144 |   208 |   455 |   483 |       ||  1290
       Battleaxe         |       |       |       |   452 |   251 ||   703
Invok: Minor Destruction |       |       |       |     3 |       ||     3
       Greater Servant o |       |       |       |       |     1 ||     1
 Abil: Heal Wounds       |       |     6 |    16 |    23 |     2 ||    47
Evoke: Lamp of fire      |       |       |       |     2 |       ||     2
       Wand              |       |       |       |     1 |       ||     1
  Use: Scroll            |       |       |     8 |    10 |     2 ||    20
       Potion            |       |       |       |     4 |       ||     4
  Eat: Chunk             |       |     5 |     8 |    17 |     1 ||    31
       Ration            |       |       |       |     1 |     2 ||     3
Armor: Scale mail        |    85 |    40 |       |       |       ||   125
       Chain mail        |       |    88 |   335 |   115 |       ||   538
       Plate armour      |       |       |       |   492 |   151 ||   643
Dodge: Dodged            |    45 |   103 |   163 |   506 |   130 ||   947
Block: Shield            |    79 |   128 |   312 |   316 |       ||   835
